 Dungeon Crawl Stone Soup version 0.23.0 (webtiles) character file.

Game seed: 5463559540195183419

32 misha the Covered (level 3, -2/33 HPs)
             Began as a Minotaur Fighter on Feb 17, 2019.
             Slain by a killer bee (4 damage)
             ... on level 2 of the Dungeon.
             The game lasted 00:07:45 (705 turns).

misha the Covered (Minotaur Fighter)                 Turns: 705, Time: 00:07:53

Health: -2/33      AC:  7    Str: 26    XL:     3   Next: 10%
Magic:  2/2        EV:  8    Int:  5    God:
Gold:   44         SH: 10    Dex:  9    Spells: 2/2 levels left

rFire    . . .     SeeInvis .   a - +0 flail
rCold    . . .     Gourm    .   c - +0 shield
rNeg     . . .     Faith    .   b - +0 scale mail
rPois    .         Spirit   .   (helmet restricted)
rElec    .         Reflect  .   (no cloak)
rCorr    .         Harm     .   (no gloves)
MR       .....                  (no boots)
Stlth    ..........             (no amulet)
HPRegen  0.11/turn              (no ring)
MPRegen  0.08/turn              (no ring)

@: mighty, lethally poisoned (-2 -> -9)
A: retaliatory headbutt, horns 2
a: no special abilities


You were on level 2 of the Dungeon.
You were not hungry.

You visited 1 branch of the dungeon, and saw 2 of its levels.

You collected 44 gold pieces.

Inventory:

Hand Weapons
 a - a +0 flail (weapon)
Missiles
 j - 39 bolts
Armour
 b - a +0 scale mail (worn)
 c - a +0 shield (worn)
 i - a cursed +0 chain mail
Scrolls
 g - a scroll of enchant weapon {unknown}
 h - a scroll of fog {unknown}
 l - a scroll of teleportation {unknown}
 m - a scroll of identify {unknown}
Potions
 e - a potion of heal wounds {unknown}
 k - 4 potions of curing {unknown}
Comestibles
 f - 4 rations


   Skills:
 + Level 4.0 Fighting
 + Level 2.7 Maces & Flails
 + Level 4.2 Armour
 - Level 0.4 Dodging
 + Level 4.0 Shields


You had 2 spell levels left.
You didn't know any spells.
Your spell library was empty.

Dungeon Overview and Level Annotations

Branches:
Dungeon (2/15)

Altars:
Dithmenos
Makhleb
Nemelex Xobeh


Innate Abilities, Weirdness & Mutations

You reflexively headbutt those who attack you in melee.
You have a pair of horns on your head.


Message History

The hobgoblin hits you but does no damage.
The killer bee stings you. The dart slug barely misses you.
You are too injured to fight recklessly!
You are too injured to fight recklessly!
You are too injured to fight recklessly!
You feel very mighty all of a sudden.
You feel sick. You block the killer bee's attack. The killer bee stings you!
* * * LOW HITPOINT WARNING * * *
The killer bee closely misses you.
The killer bee stings you but does no damage.
The killer bee barely misses you. You furiously retaliate!
You headbutt the killer bee. The killer bee closely misses you.
The hobgoblin barely misses you. You block the killer bee's attack.
Your scale mail prevents you from hitting the killer bee.
* * * LOW HITPOINT WARNING * * *
You feel sick. The killer bee stings you.
* * * LOW HITPOINT WARNING * * *
The killer bee closely misses you. x2; You furiously retaliate!
You headbutt the killer bee. The killer bee stings you.
You die...

.)#.......#..#.§§.
.).............#§
.##......##.###§§ ##
.##......##..#.#§#
#.
.##......###.§§§§.§.
.........# ###§#.#§
.......### ###%§.###
.......#
#..#y#..#...
####...#
#..y@yy.....
#..wyg......
#...yr......
#.......#...
#.......# ..
#####...# # ...#
...#


You could see 6 killer bees, a dart slug, a hobgoblin and a rat.

Vanquished Creatures
  2 oozes (D:1)
  2 leopard geckos
  A giant cockroach (D:1)
  5 goblins
  A hobgoblin (D:1)
  3 kobolds
  3 bats
  A frilled lizard (D:1)
  A rat (D:1)
19 creatures vanquished.

Notes
Turn   | Place    | Note
-------+----------+-------------------------------------------
     0 | D:1      | misha the Minotaur Fighter began the quest for the Orb.
     0 | D:1      | Reached XP level 1. HP: 19/19 MP: 0/0
   285 | D:1      | Reached XP level 2. HP: 27/27 MP: 1/1
   627 | D:2      | Found a burning altar of Makhleb.
   627 | D:2      | Found a sparkling altar of Nemelex Xobeh.
   628 | D:2      | Reached XP level 3. HP: 33/33 MP: 2/2
   697 | D:2      | Found a shadowy altar of Dithmenos.
   699 | D:2      | Noticed a killer bee
   699 | D:2      | Noticed a killer bee
   699 | D:2      | Noticed a killer bee
   699 | D:2      | Noticed a killer bee
   699 | D:2      | Noticed a killer bee
   699 | D:2      | Noticed a killer bee
   705 | D:2      | Slain by a killer bee

Skill      XL: |  1  2 |
---------------+-------+-----
Armour         | 4 |  4.2
Fighting       | 4 |  4.0
Shields        | 4 |  4.0
Maces & Flails | |  2.7
Dodging        | |  0.4

Action                   || total
-------------------------++-------
Melee: Flail             ||    44
       Headbutt          ||     8
  Use: Potion            ||     1
Armor: Scale mail        ||    18
Dodge: Dodged            ||    15
Block: Shield            ||    25
